 Dungeon Crawl Stone Soup version 0.29-a0-542-g075992c915 (webtiles) character file.

Game seed: 7988689727683612169

1668 sammy202020 the Fighter (level 8, -5/71 HPs)
             Began as a Demonspawn Berserker on June 5, 2022.
             Was a Priest of Trog.
             Shot with an arrow by a centaur (12 damage)
             ... on level 6 of the Dungeon.
             The game lasted 00:13:01 (7445 turns).

sammy202020 the Fighter (Demonspawn Berserker)      Turns: 7445, Time: 00:13:01

Health: -5/71      AC: 14    Str: 18    XL:     8   Next: 69%
Magic:  8/8        EV:  6    Int: 10    God:    Trog [***...]
Gold:   262        SH:  0    Dex: 13    Spells: 7/7 levels left

rFire   + . .      SeeInvis .   a - +1 hand axe
rCold   . . .      Faith    .   (no shield)
rNeg    . . .      Spirit   .   E - +0 plate armour
rPois   +          Reflect  .   (helmet restricted)
rElec   .          Harm     .   (no cloak)
rCorr   .          Rampage  .   p - +0 pair of gloves
Will    ++...                   (no boots)
Stlth   ..........              (no amulet)
HPRegen 1.21/turn               c - ring of poison resistance
MPRegen 0.11/turn               d - ring of protection from fire

@: strong-willed, regenerating, studying Fighting
A: horns 1, rugged brown scales 1, powered by death 2, demonic magic 1, hooves
1, noise suppression
a: Renounce Religion, Berserk, Trog's Hand


You were on level 6 of the Dungeon.
You worshipped Trog.
Trog was most pleased with you.
You visited 1 branch of the dungeon, and saw 6 of its levels.

You collected 262 gold pieces.

Inventory:

Hand Weapons
 a - a +1 hand axe (weapon)
 q - a +0 hand crossbow
 t - a +0 flail
 w - a +1 flail of draining
 D - a +2 whip of freezing
Missiles
 s - 6 boomerangs (quivered)
 u - 6 silver javelins
 y - 2 throwing nets
Armour
 e - a +0 pair of boots
 p - a +0 pair of gloves (worn)
 E - a +0 plate armour (worn)
Jewellery
 c - a ring of poison resistance (left hand)
 d - a ring of protection from fire (right hand)
 j - a ring of fire
 z - a ring of resist corrosion
Wands
 o - a wand of iceblast (10)
 x - a wand of polymorph (8)
Scrolls
 g - a scroll of teleportation
 h - a scroll of enchant armour
 i - 2 scrolls of enchant weapon
 n - a scroll of fear
 A - a scroll of magic mapping
 C - a scroll of identify
Potions
 b - a potion of magic {unknown}
 f - 3 potions of curing
 k - 3 potions of lignification
 l - a potion of flight
 m - a potion of haste {unknown}
 r - a potion of mutation
 v - 2 potions of heal wounds
 B - a potion of attraction {unknown}


   Skills:
 * Level 8.6 Fighting
 * Level 6.5 Axes
 + Level 4.4 Armour
 + Level 4.3 Dodging


You had 7 spell levels left.
You didn't know any spells.
Your spell library was empty.

Dungeon Overview and Level Annotations

Branches:
Dungeon (6/15)             Temple (0/1) D:6

Altars:
Dithmenos
Qazlal
Ru
Uskayaw
Xom
Yredelemnul
The Shining One


Innate Abilities, Weirdness & Mutations

You have a pair of small horns on your head.
You are partially covered in rugged brown scales. (AC +1, +3% HP)
You regenerate health from kills.
Spells you cast may paralyse adjacent enemies.
You have large cloven feet.
You passively dampen the noise of your surroundings.


Message History

You are too injured to fight recklessly!
You are too injured to fight recklessly!
You are too injured to fight recklessly!
You are too injured to fight recklessly!
You are too injured to fight recklessly!
You are too injured to fight recklessly!
You are too injured to fight recklessly!
You are too injured to fight recklessly!
You are too injured to fight recklessly!
You are too injured to fight recklessly!
You are too injured to fight recklessly!
You are too injured to fight recklessly!
You are too injured to fight recklessly!
You are too injured to fight recklessly!
You are too injured to fight recklessly!
You are too injured to fight recklessly!
You are too injured to fight recklessly!
Your skin crawls.
You feel strong-willed.
The centaur shoots an arrow.
The arrow completely misses you. The iguana barely misses you.
You hit the iguana but do no damage. Your kick misses the iguana.
The iguana is moderately wounded.
The centaur shoots an arrow.
The arrow hits you but does no damage.
The iguana bites you but does no damage.
The centaur shoots an arrow.
The arrow hits you!
* * * LOW HITPOINT WARNING * * *
You hit the iguana. You kick the iguana, but do no damage.
The iguana is moderately wounded.
The centaur shoots an arrow.
The arrow hits you!
* * * LOW HITPOINT WARNING * * *
The iguana bites you!
* * * LOW HITPOINT WARNING * * *
Unknown command.
You feel much better.
The centaur shoots an arrow.
The arrow hits you!
* * * LOW HITPOINT WARNING * * *
The iguana bites you.
* * * LOW HITPOINT WARNING * * *
The centaur shoots an arrow.
The arrow hits you!
You die...

## #...#....## #.>..
#.. #...####..## #....
#..####...## ##..#
##.... #..........##
##.###.....
###.........##
#.#.......
#..........###...#####.
#..................###.
#$.........#######.#...
#.....@....# #...##
#.....l).....# ##..#
##.........#.# ##.#
#..<......... ...#
#..c..[....##. ...##
#..........##.. ##....#
#..........# #.##..#...
#...........##..#.##...
...........


You could see a centaur and an iguana.

Vanquished Creatures
  A wyvern (D:6)
  An orc warrior (D:6)
  The ghost of Buffagor the Slasher, an amateur NaFi (D:3)
  3 ice beasts (D:5)
  An ogre (D:6)
  A phantom (D:4)
  A centaur (D:5)
  A scorpion (D:4)
  A bullfrog zombie (D:3)
  3 hounds (D:5)
  An orc priest (D:6)
  3 jellies
  Ijyb (D:5)
  Terence (D:2)
  Natasha (thrice) (D:2)
  5 iguanas
  An orc wizard (D:6)
  A killer bee zombie (D:3)
  3 gnolls (D:5)
  3 adders
  2 white imps (D:6)
  3 ufetubi
  A worm (D:2)
  3 dart slugs
  25 orcs
  7 ball pythons
  9 bats
  7 endoplasms
  A giant cockroach (D:1)
  7 goblins
  8 hobgoblins
  4 jackals (D:1)
  3 quokkas
  4 frilled lizards
  5 kobolds
  9 rats
134 creatures vanquished.

Vanquished Creatures (others)
  A ball python (D:4)
  2 fungi (D:5)
3 creatures vanquished.

Grand Total: 137 creatures vanquished

Notes
Turn   | Place    | Note
-------+----------+-------------------------------------------
     0 | D:1      | sammy202020 the Demonspawn Berserker began the quest for
                  | the Orb.
     0 | D:1      | Reached XP level 1. HP: 18/18 MP: 1/1
   103 | D:1      | Gained mutation: You have a pair of small horns on your
                  | head. [demonic ancestry]
   103 | D:1      | Reached XP level 2. HP: 24/24 MP: 2/2
   471 | D:1      | Reached XP level 3. HP: 21/29 MP: 3/3
  1026 | D:1      | Reached ** piety under Trog
  1571 | D:2      | Noticed Terence
  1584 | D:2      | Killed Terence
  1585 | D:2      | Gained mutation: You are partially covered in rugged brown
                  | scales. (AC +1, +3% HP) [demonic ancestry]
  1585 | D:2      | Reached XP level 4. HP: 9/38 MP: 4/4
  1862 | D:2      | Noticed Natasha
  1874 | D:2      | Killed Natasha
  2243 | D:2      | Reached skill level 4 in Fighting
  2372 | D:2      | Noticed Natasha
  2381 | D:2      | Killed Natasha
  2382 | D:2      | Gained mutation: Spells you cast may paralyse adjacent
                  | enemies. [demonic ancestry]
  2382 | D:2      | Reached XP level 5. HP: 23/43 MP: 5/5
  2837 | D:2      | Noticed Natasha
  2843 | D:2      | Killed Natasha
  2864 | D:3      | Found a transporter.
  2867 | D:3      | Noticed Buffagor's ghost (amateur NaFi)
  3135 | D:3      | Found a faded altar of an unknown god.
  3171 | D:3      | Found a transporter.
  3182 | D:3      | Killed Buffagor's ghost
  3183 | D:3      | Reached XP level 6. HP: 50/50 MP: 6/6
  3986 | D:4      | Found a shimmering altar of Xom.
  3993 | D:4      | Found a basalt altar of Yredelemnul.
  4117 | D:4      | Reached skill level 5 in Fighting
  4617 | D:4      | Identified the +8 spear "Arbiter" {vorpal, rElec rC+}
  4660 | D:4      | Gained mutation: You regenerate a little health from kills.
                  | [demonic ancestry]
  4660 | D:4      | Reached XP level 7. HP: 48/57 MP: 7/7
  4845 | D:4      | Identified a scroll of acquirement
  4845 | D:4      | Acquired a manual of Fighting
  4857 | D:5      | Entered Level 5 of the Dungeon
  4890 | D:5      | Noticed Ijyb
  4908 | D:5      | Killed Ijyb
  5336 | D:5      | Reached skill level 5 in Axes
  5463 | D:5      | Reached *** piety under Trog
  5544 | D:5      | Reached skill level 6 in Fighting
  5616 | D:5      | Found a sacrificial altar of Ru.
  5617 | D:5      | Found a hide-covered altar of Uskayaw.
  5654 | D:5      | Found a stormy altar of Qazlal.
  5682 | D:5      | Found a shadowy altar of Dithmenos.
  6155 | D:5      | Gained mutation: You regenerate health from kills. [demonic
                  | ancestry]
  6155 | D:5      | Reached XP level 8. HP: 55/66 MP: 8/8
  6182 | D:5      | Reached skill level 7 in Fighting
  6478 | D:5      | Gained mutation: You do not regenerate when monsters are
                  | visible. [potion of mutation]
  6479 | D:5      | Lost mutation: You do not regenerate when monsters are
                  | visible. [potion of mutation]
  6479 | D:5      | Gained mutation: You have large cloven feet. [potion of
                  | mutation]
  6479 | D:5      | Gained mutation: You passively dampen the noise of your
                  | surroundings. [potion of mutation]
  6616 | D:6      | Found a staircase to the Ecumenical Temple.
  7009 | D:6      | Reached skill level 8 in Fighting
  7445 | D:6      | Shot with an arrow by a centaur

Illustrated notes

Levels and vault maps discovered:
D:1:      arrival_zaba_pyramid, layout_loops_ring, feat_on_display
D:2:      layout_loops_corners, chequers_serial_rivers_room_a, uniq_terence,
          uniq_natasha
D:3:      layout_basic, ebering_ecumenical_altar_abandoned,
          gammafunk_ghost_mausoleum, minmay_misc_feat_rows,
          minmay_misc_feat_four_crosses
D:4:      layout_loops_ring, mainiacjoe_overflow_large_starburst,
          kennysheep_generic_room_3
D:5:      layout_loops_ring, mainiacjoe_overflow_catch_the_wave,
          kennysheep_mini_moat, mainiacjoe_overflow_divided_tiny, minmay_puff,
          uniq_ijyb
D:6:      layout_rooms, temple_fountains

Skill      XL: |  1  2  3  4  5  6  7  8 |
---------------+-------------------------+-----
Armour         | 2 3 4 |  4.4
Dodging        | 2 3 4 |  4.3
Axes           | 3 4 5 6 |  6.5
Fighting       | 4 5 6 8 |  8.6

Action                   |  1- 3 |  4- 6 |  7- 9 || total
-------------------------+-------+-------+-------++-------
Melee: Hand axe          |   107 |   177 |   222 ||   506
       Headbutt          |    15 |    32 |    45 ||    92
       Punch             |       |     5 |     4 ||     9
       Kick              |       |       |    27 ||    27
Invok: Berserk           |     2 |     1 |     5 ||     8
       Trog's Hand       |       |     1 |     2 ||     3
  Use: Scroll            |     4 |     6 |     5 ||    15
       Potion            |       |     1 |     3 ||     4
 Stab: Sleeping          |     3 |       |       ||     3
Armor: Animal skin       |    27 |       |       ||    27
       Scale mail        |       |    63 |       ||    63
       Chain mail        |       |    19 |   110 ||   129
       Skin              |       |       |    10 ||    10
       Plate armour      |       |       |    21 ||    21
Dodge: Dodged            |    96 |    88 |    95 ||   279

Table legend: (Time is in decaauts)
 A = Elapsed time spent in this place.
 B = Non-inter-level travel time spent in this place.
 C = Inter-level travel time spent in this place.
 D = Time resting spent in this place.
 E = Time spent auto-exploring this place.
 F = Levels seen in this place.
 G = Mean time per level.
                   A        B        C        D        E       F      G
               +--------+--------+--------+--------+--------+-----+--------+
         Total |   7577 |   7567 |     10 |    466 |   5698 |   6 | 1262.8 |
       Dungeon |   7577 |   7567 |     10 |    466 |   5698 |   6 | 1262.8 |
               +--------+--------+--------+--------+--------+-----+--------+

Top non-repeatable levels by time:
     D:5: 1698 daAuts
     D:2: 1669 daAuts
     D:1: 1222 daAuts
     D:4: 1043 daAuts
     D:3: 993 daAuts
     D:6: 951 daAuts
